 Dungeon Crawl Stone Soup version 0.29.1-15-g9cfb28693d (webtiles) character file.

Game seed: 3951625086944917170

15775 Mickster the Severer (level 12, -4/106 HPs)
             Began as a Hill Orc Berserker on Apr 29, 2023.
             Was an Elder of Trog.
             Slain by a white ugly thing (18 damage)
             ... on level 13 of the Dungeon.
             The game lasted 01:39:18 (10739 turns).

Mickster the Severer (Hill Orc Berserker)          Turns: 10739, Time: 01:39:19

Health: -4/106     AC: 26    Str: 25    XL:     12   Next: 30%
Magic:  12/12      EV:  8    Int: 10    God:    Trog [****..]
Gold:   139        SH:  0    Dex: 10    Spells: 11/11 levels left

rFire   + + .      SeeInvis .   i - +11 broad axe "Voerimic" {freeze, Fly Will+}
rCold   x . .      Faith    .   (no shield)
rNeg    . . .      Spirit   .   o - +7 plate armour of the Centipede {+Blink}
rPois   .          Reflect  .   F - +1 hat {Int+3}
rElec   .          Harm     .   t - +0 cloak
rCorr   .          Rampage  .   h - +0 pair of gloves
Will    +....                   E - +0 pair of boots
Stlth   ..........              a - amulet of the acrobat
HPRegen 0.27/turn               z - ring of protection from fire
MPRegen 0.13/turn               y - ring of fire

@: on berserk cooldown, flying, slowed, very slow
A: no striking features
a: Renounce Religion, Evoke Blink, Berserk, Trog's Hand, Brothers in Arms


You were on level 13 of the Dungeon.
You worshipped Trog.
Trog was greatly pleased with you.
You visited 1 branch of the dungeon, and saw 13 of its levels.

You collected 1327 gold pieces.
You spent 1188 gold pieces at shops.

Inventory:

Hand Weapons
 d - a +2 dagger of electrocution
 e - a +3 whip of electrocution
 i - the +11 broad axe "Voerimic" (weapon) {freeze, Fly Will+}
   (You acquired it on level 3 of the Dungeon)

   It freezes those it strikes, dealing additional cold damage.
   It can also slow down cold-blooded creatures.
   Fly:       It grants you flight.
   Will:      It increases your willpower.
 v - a +0 vorpal spear
 w - a +1 spear of freezing
 x - a +4 great sword of protection
 B - a +2 dagger of speed
Missiles
 c - 83 stones
 n - 7 boomerangs (quivered)
 p - 45 poisoned darts
 r - 2 javelins
 C - a throwing net
Armour
 h - a +0 pair of gloves (worn)
 o - the +7 plate armour of the Centipede (worn) {+Blink}
   (You bought it in a shop on level 1 of the Dungeon)

   +Blink:    It lets you blink.
 t - a +0 cloak (worn)
 E - a +0 pair of boots (worn)
 F - a +1 hat of intelligence (worn)
Jewellery
 a - an amulet of the acrobat (around neck)
 b - a ring of flight
 l - an amulet of reflection
 y - a ring of fire (right hand)
 z - a ring of protection from fire (left hand)
Wands
 q - a wand of paralysis (20)
 u - a wand of digging (5)
 A - a wand of flame (9)
Scrolls
 g - 10 scrolls of identify
 k - a scroll of fear
 m - 3 scrolls of teleportation
Potions
 f - 3 potions of brilliance
 j - 2 potions of resistance
 s - a potion of flight
 D - 2 potions of might


   Skills:
 + Level 10.2 Fighting
 * Level 6.8 Long Blades
 - Level 18.4(18.6) Axes
 - Level 2.7(10.6) Maces & Flails
 + Level 0.6 Throwing
 - Level 8.5 Armour
 + Level 3.4 Dodging
 + Level 1.8 Stealth


You had 11 spell levels left.
You didn't know any spells.
Your spell library was empty.

Dungeon Overview and Level Annotations

Branches:
Dungeon (13/15)            Temple (0/1) D:7            Lair (0/5) D:11
    Orc: D:9-12      Vaults: D:13-14

Altars:
Fedhas
Kikubaaqudgha
Makhleb
Qazlal
Uskayaw
Wu Jian
Zin

Shops:
D:1 [   D:5 ?   D:10 *![

Portals:
Bailey: D:7


Message History

You hack one of the nine-headed hydra's heads off!
The eight-headed hydra grows two more!
You slice the ten-headed hydra!! You freeze the ten-headed hydra!
The ten-headed hydra is almost dead.
You hack one of the ten-headed hydra's heads off!
The nine-headed hydra grows two more!
You slash the 11-headed hydra! You freeze the 11-headed hydra.
The 11-headed hydra is almost dead.
The 11-headed hydra barely misses you. The 11-headed hydra bites you.
The 11-headed hydra bites you but does no damage.
The 11-headed hydra barely misses you.
The 11-headed hydra bites you but does no damage.
The 11-headed hydra bites you! The 11-headed hydra barely misses you.
The 11-headed hydra bites you but does no damage. x2
The 11-headed hydra bites you.
The 11-headed hydra bites you but does no damage.
You chop one of the 11-headed hydra's heads off!
The ten-headed hydra grows two more!
You slice the 12-headed hydra!! You freeze the 12-headed hydra.
You kill the 12-headed hydra!
Trog accepts your kill.
You feel a strong urge to attack something.
You feel your anger nearly subside.
You are no longer berserk.
You are exhausted.
You feel yourself slow down.
You reach down and open the door.
There is an open door here.
A white ugly thing comes into view.
The white ugly thing gurgles horribly!
You slice the white ugly thing!!
The white ugly thing is moderately wounded.
The white ugly thing stings you. The white ugly thing freezes you!!
You feel a terrible chill!
* * * LOW HITPOINT WARNING * * *
You slash the white ugly thing! You freeze the white ugly thing.
The white ugly thing is heavily wounded.
The white ugly thing stings you!
* * * LOW HITPOINT WARNING * * *
The white ugly thing freezes you!!
You feel a terrible chill!
You die...

#........
##..##..# ##'##..#
#########...#...
.......#...#...
.......'...#...
###..###..###.#
######..###..#####
#@.............#
+u.............#
#..###..########
#..# #..#
#....#....#
+....#....#
#....#....#
#....#....#


You could see a white ugly thing.

Vanquished Creatures
  Gastronok (D:11)
  3 hydras
  A centaur warrior (D:13)
  A two-headed ogre (D:8)
  3 manticores
  2 cyclopes (D:11)
  A salamander (shapeshifter) (D:13)
  2 ugly things (D:13)
  A gargoyle (D:12)
  An unseen horror (D:7)
  A komodo dragon (D:10)
  3 trolls (D:11)
  3 slime creatures (D:12)
  2 wyverns
  A wraith (D:9)
  A shadow (D:11)
  8 yaks
  A basilisk (shapeshifter) (D:13)
  Grum (D:8)
  A water moccasin (D:8)
  2 ice beasts
  An orc warrior (D:11)
  2 sky beasts
  2 ogres
  2 centaurs
  7 wolves
  A phantom (D:5)
  5 kobold brigands
  3 bullfrogs
  A gnoll sergeant (D:6)
  2 necrophages (D:5)
  4 scorpions
  4 wights (D:7)
  15 killer bees
  3 electric eels (D:11)
  5 howler monkeys
  5 hounds
  2 gnoll boudas
  6 orc priests
  2 jellies
  2 iguanas
  8 orc wizards
  23 gnolls
  6 adders
  A shadow imp (D:5)
  An ufetubus (D:6)
  3 worms
  2 dart slugs
  16 orcs
  7 ball pythons
  4 endoplasms
  8 goblins
  9 hobgoblins
  23 kobolds
  5 quokkas
  2 bats
  3 frilled lizards
  2 rats
  A bush (D:6)
238 creatures vanquished.

Vanquished Creatures (others)
  A human (D:9)
  5 fungi (D:4)
  2 plants (D:4)
8 creatures vanquished.

Grand Total: 246 creatures vanquished

Notes
Turn   | Place    | Note
-------+----------+-------------------------------------------
     0 | D:1      | Mickster the Hill Orc Berserker began the quest for the
                  | Orb.
     0 | D:1      | Reached XP level 1. HP: 19/19 MP: 1/1
     3 | D:1      | Noticed an electric eel
     6 | D:1      | Noticed an electric eel
   101 | D:1      | Found Heben's Armour Boutique.
   249 | D:1      | Found a faded altar of an unknown god.
   336 | D:1      | Reached XP level 2. HP: 15/27 MP: 2/2
  1067 | D:2      | Reached XP level 3. HP: 8/33 MP: 3/3
  1458 | D:2      | Reached ** piety under Trog
  1472 | D:2      | Reached skill level 1 in Maces & Flails
  1472 | D:2      | Reached XP level 4. HP: 5/41 MP: 4/4
  1472 | D:2      | HP: 1/41 [gnoll/+0 club (4)]
  2586 | D:3      | Identified 2 scrolls of acquirement
  2586 | D:3      | Acquired 764 gold pieces
  2904 | D:1      | Bought the +7 plate armour of the Centipede {+Blink} for
                  | 864 gold pieces
  3123 | D:3      | Acquired the +11 broad axe "Voerimic" {freeze, Fly Will+}
  3263 | D:3      | Reached XP level 5. HP: 47/47 MP: 5/5
  3338 | D:4      | Reached skill level 5 in Fighting
  3338 | D:4      | Reached skill level 1 in Stealth
  3361 | D:4      | Found a blossoming altar of Fedhas.
  3368 | D:4      | Reached XP level 6. HP: 56/56 MP: 6/6
  3443 | D:4      | Reached skill level 5 in Axes
  3476 | D:4      | Found a burning altar of Makhleb.
  3476 | D:4      | Noticed a green death
  3660 | D:4      | Reached skill level 6 in Axes
  3721 | D:4      | Found an ornate altar of the Wu Jian Council.
  3761 | D:4      | Reached XP level 7. HP: 59/61 MP: 7/7
  3785 | D:4      | Found a glowing silver altar of Zin.
  3785 | D:4      | Noticed an angel
  3904 | D:5      | Entered Level 5 of the Dungeon
  3953 | D:5      | Reached skill level 7 in Axes
  4055 | D:5      | Reached skill level 8 in Axes
  4055 | D:5      | Reached XP level 8. HP: 63/70 MP: 8/8
  4139 | D:5      | Reached skill level 9 in Axes
  4194 | D:5      | Found Hischun's Magic Scroll Boutique.
  4306 | D:5      | Bought a scroll of teleportation for 36 gold pieces
  4306 | D:5      | Bought a scroll of identify for 24 gold pieces
  4306 | D:5      | Bought a scroll of teleportation for 36 gold pieces
  4306 | D:5      | Bought a scroll of identify for 24 gold pieces
  4681 | D:6      | Found a hide-covered altar of Uskayaw.
  4692 | D:6      | Noticed a yak
  4693 | D:6      | Noticed a yak
  4693 | D:6      | Noticed a yak
  4694 | D:6      | Noticed a yak
  4700 | D:6      | Killed a yak
  4701 | D:6      | Reached skill level 10 in Axes
  4701 | D:6      | Killed a yak
  4702 | D:6      | Killed a yak
  4703 | D:6      | Reached skill level 11 in Axes
  4704 | D:6      | Killed a yak
  4705 | D:6      | Reached XP level 9. HP: 75/75 MP: 9/9
  4819 | D:6      | Reached skill level 12 in Axes
  5063 | D:7      | Killed an unseen horror
  5088 | D:7      | Reached skill level 13 in Axes
  5101 | D:7      | Found a staircase to the Ecumenical Temple.
  5217 | D:7      | Found a flagged portal.
  5334 | D:8      | Noticed Grum
  5334 | D:8      | Noticed a two-headed ogre
  5345 | D:8      | Reached skill level 14 in Axes
  5345 | D:8      | Killed a two-headed ogre
  5346 | D:8      | Reached skill level 5 in Armour
  5346 | D:8      | Reached XP level 10. HP: 86/86 MP: 10/10
  5352 | D:8      | Killed Grum
  5353 | D:8      | Reached skill level 15 in Axes
  5578 | D:8      | Reached *** piety under Trog
  5997 | D:8      | Reached skill level 16 in Axes
  6719 | D:9      | Found an ancient bone altar of Kikubaaqudgha.
  7392 | D:10     | Entered Level 10 of the Dungeon
  7392 | D:10     | Found Sudorit's General Store.
  7404 | D:10     | Bought a scroll of brand weapon for 114 gold pieces
  7404 | D:10     | Bought a scroll of enchant weapon for 90 gold pieces
  7430 | D:10     | Noticed a four-headed hydra
  7440 | D:10     | Found Ivvuemoph's Distillery.
  7447 | D:10     | Reached skill level 17 in Axes
  7452 | D:10     | Killed a 16-headed hydra
  7453 | D:10     | Reached XP level 11. HP: 14/95 MP: 11/11
  7815 | D:10     | Found Byeviw's Armour Shop.
  8027 | D:11     | Noticed a cyclops
  8037 | D:11     | Killed a cyclops
  8074 | D:11     | Noticed a cyclops
  8080 | D:11     | Killed a cyclops
  8116 | D:11     | Found a staircase to the Lair.
  8117 | D:11     | Noticed a seven-headed hydra
  8126 | D:11     | Killed a nine-headed hydra
  8126 | D:11     | Reached **** piety under Trog
  8154 | D:11     | Reached skill level 18 in Axes
  8168 | D:11     | Noticed a manticore
  8178 | D:11     | Killed a manticore
  8580 | D:11     | Noticed Gastronok
  8591 | D:11     | Killed Gastronok
  8843 | D:11     | Reached skill level 1 in Long Blades
  9672 | D:13     | Noticed a salamander
  9681 | D:13     | Killed a salamander
  9682 | D:13     | Reached XP level 12. HP: 106/106 MP: 12/12
  9702 | D:13     | HP: 3/106 [purple ugly thing (15)]
  9707 | D:13     | Reached skill level 10 in Fighting
 10300 | D:13     | Found a stormy altar of Qazlal.
 10463 | D:13     | Reached skill level 5 in Long Blades
 10685 | D:13     | Noticed a centaur warrior
 10697 | D:13     | Killed a centaur warrior
 10706 | D:13     | Noticed a five-headed hydra
 10715 | D:13     | Killed a 12-headed hydra
 10739 | D:13     | Slain by a white ugly thing

Illustrated notes

Levels and vault maps discovered:
D:1:      arrival_aquarium_b, layout_loops_corners, serial_shops,
          nicolae_shop_statue_plus, shapermc_ecumenical_altar_totnotflames
D:2:      layout_basic
D:3:      layout_basic
D:4:      layout_rooms, grunt_temple_overflow_order_and_chaos_2, fedhas_altar_3,
          nicolae_wu_jian_wuxing_cycle, serial_shops, nicolae_shop_behind_doors
D:5:      layout_cave_pools, serial_shops, nicolae_square_shop,
          serial_column_ruins, column_ruins_hut, column_ruins_open_tiny,
          column_ruins_open_tiny, column_ruins_grid_2, column_ruins_corridor_T,
          column_ruins_open_tiny, column_ruins_corridor_water,
          column_ruins_columns_dead_end, nicolae_figureground_pulse
D:6:      layout_gridville, kennysheep_orc_sif_temple,
          mainiacjoe_overflow_chevrons, amethyst_killhole, minmay_hedge_maze
D:7:      layout_rooms, minmay_temple_entry_gardened_gates, enter_bailey_3
D:8:      layout_basic, serial_shops, kennysheep_mini_moat, uniq_grum
D:9:      layout_stronghold, nicolae_overflow_two_pavilions, tgw_kikubaaqudgha,
          chequers_serial_rivers_small_3
D:10:     layout_basic, doesnt_xom_only_xom, david_orc_4, serial_shops,
          shop_statue, shop, nicolae_inconvenience_store
D:11:     layout_loops_ring, erik_lair_island, uniq_gastronok
D:12:     layout_loops_corners, gammafunk_ghost_nasty_kobolds,
          trog_ov_bears_minmay, uniq_psyche
D:13:     layout_gridville, grunt_qazlal_clouds

Skill      XL: |  1  2  3  4  5  6  7  8  9 10 11 12 |
---------------+-------------------------------------+-----
Fighting       | 4 5 6 7 8 9 10 | 10.2
Dodging        | 2 3 |  3.4
Maces & Flails | 1 2 |  2.7
Stealth        | 1 |  1.8
Axes           | 6 8 11 14 17 18 | 18.4
Armour         | 3 4 5 6 8 |  8.5
Long Blades    | 3 6 |  6.8
Throwing       | |  0.6

Action                   |  1- 3 |  4- 6 |  7- 9 | 10-12 || total
-------------------------+-------+-------+-------+-------++-------
Melee: Hand axe          |    56 |       |       |       ||    56
       Punch             |     2 |       |     2 |     2 ||     6
       Whip              |    24 |    37 |       |       ||    61
       Broad axe         |       |    47 |   115 |   202 ||   364
       Great sword       |       |       |       |    37 ||    37
Throw: Boomerang         |       |       |       |     8 ||     8
Invok: Berserk           |       |     1 |     5 |    12 ||    18
       Trog's Hand       |       |     1 |     3 |     4 ||     8
  Use: Scroll            |     1 |     9 |     1 |     6 ||    17
       Potion            |       |     4 |     3 |     7 ||    14
Armor: Animal skin       |     6 |     3 |       |       ||     9
       Plate armour      |       |    30 |    85 |   218 ||   333
Dodge: Dodged            |    62 |    28 |    92 |   197 ||   379
